 Dungeon Crawl Stone Soup version 0.27.0-1-g7a089689b8 (webtiles) character file.

Game seed: 11818479147356957649

168 pkoi the Slasher (level 5, -2/42 HPs)
             Began as a Minotaur Gladiator on Aug 9, 2021.
             Killed by divine providence
             ... invoked by an orc priest
              (11 damage)
             ... on level 2 of the Dungeon.
             The game lasted 00:01:51 (2409 turns).

pkoi the Slasher (Minotaur Gladiator)               Turns: 2409, Time: 00:01:52

Health: -2/42      AC:  3    Str: 20    XL:     5   Next: 24%
Magic:  4/4        EV: 12    Int:  5    God:
Gold:   91         SH:  0    Dex: 11    Spells: 4/4 levels left

rFire    . . .     SeeInvis .   f - +0 dagger (venom)
rCold    . . .     Faith    .   (no shield)
rNeg     . . .     Spirit   .   b - +0 leather armour
rPois    .         Reflect  .   c - +0 hat
rElec    .         Harm     .   (no cloak)
rCorr    .         Rampage  .   (no gloves)
Will     .....                  (no boots)
Stlth    +.........             (no amulet)
HPRegen  0.14/turn              (no ring)
MPRegen  0.09/turn              (no ring)

@: no status effects
A: horns 2, retaliatory headbutt
a: no special abilities


You were on level 2 of the Dungeon.
You visited 1 branch of the dungeon, and saw 3 of its levels.

You collected 91 gold pieces.

Inventory:

Hand Weapons
 a - a +0 long sword
 f - a +0 dagger of venom (weapon)
Missiles
 d - 3 throwing nets (quivered)
 l - 6 javelins
Armour
 b - a +0 leather armour (worn)
 c - a +0 hat (worn)
Scrolls
 e - 2 scrolls of identify
 h - a scroll of teleportation {unknown}
 j - a scroll of vulnerability {unknown}
Potions
 g - a potion of mutation
 i - 3 potions of curing
 k - a potion of heal wounds {unknown}


   Skills:
 - Level 2.4 Fighting
 + Level 7.2 Long Blades
 - Level 2.0 Throwing
 - Level 3.2 Dodging


You had 4 spell levels left.
You didn't know any spells.
Your spell library was empty.

Dungeon Overview and Level Annotations

Branches:
Dungeon (3/15)

Altars:

Shops:
D:2 [


Innate Abilities, Weirdness & Mutations

You have a pair of horns on your head.
You reflexively headbutt those who attack you in melee.


Message History

The orc wizard is lightly wounded.
You hit the orc.
The orc is heavily wounded.
You barely miss the orc. You headbutt the orc, but do no damage.
The orc is heavily wounded.
You hit the orc.
The orc is poisoned.
The orc is severely wounded.
The orc hits you with a +0 short sword.
The orc wizard mumbles some strange words.
The orc wizard flickers and vanishes!
You closely miss the orc. You headbutt the orc.
You kill the orc!
The orc priest invokes the aid of Beogh against you.
Beogh smites you!
You closely miss something. Something hits you.
You closely miss something. You headbutt something.
Reactivating autopickup.
You feel a bit more experienced.
You hit the orc priest but do no damage.
The orc priest is poisoned.
Your headbutt misses the orc priest.
Unknown command.
There is a stone staircase leading up here.
The orc priest hits you with a +0 whip!
* * * LOW HITPOINT WARNING * * *
You climb upwards.
There is a stone staircase leading down here.
You hit the orc priest but do no damage.
The orc priest looks as sick as possible!
The orc priest is moderately wounded.
The orc priest hits you with a +0 whip.
* * * LOW HITPOINT WARNING * * *
You hit the orc priest but do no damage.
The orc priest looks as sick as possible!
The orc priest is moderately wounded.
The orc priest looks encouraged for a moment.
You barely miss the orc priest. Your headbutt misses the orc priest.
The orc priest is moderately wounded.
The orc priest calls down the wrath of Beogh upon you.
Beogh smites you!
You die...

#.#..#(..#.#.# #.#
..#..##.##.#.# #.#
###..........# #.#
..#........#####.###
#.#####'####.......#
#.# ##...###.###.#.#
#.###.....##.# #.#.#
#.##.......#.###...#
#.#..........##.@..##
..'..).........o....#
#.#................##
..##.......###.....#
#####.....## #.....#
# ##...## ##....# #
##+## ####.# # #.#
#.# # #.# #.#


You could see an orc priest (extremely poisoned).

Vanquished Creatures
  A jelly (D:1)
  Jessica (D:2)
  An orc wizard (D:3)
  An adder (D:2)
  A worm (D:1)
  A dart slug (D:1)
  2 orcs (D:3)
  2 ball pythons
  9 endoplasms (D:1)
  6 giant cockroaches
  9 goblins
  3 hobgoblins
  8 jackals
  A quokka (D:1)
  3 bats
  2 frilled lizards
  7 kobolds
  7 rats
65 creatures vanquished.

Notes
Turn   | Place    | Note
-------+----------+-------------------------------------------
     0 | D:1      | pkoi the Minotaur Gladiator began the quest for the Orb.
     0 | D:1      | Reached XP level 1. HP: 18/18 MP: 0/0
     0 | D:1      | Noticed a jelly
     1 | D:1      | Found a runed translucent door.
    67 | D:1      | Reached skill level 4 in Long Blades
   240 | D:1      | Reached XP level 2. HP: 24/25 MP: 1/1
   385 | D:1      | Reached skill level 5 in Long Blades
   600 | D:1      | Reached XP level 3. HP: 30/30 MP: 2/2
   886 | D:1      | Reached XP level 4. HP: 12/37 MP: 3/3
   888 | D:1      | Reached skill level 6 in Long Blades
  1353 | D:2      | Found a faded altar of an unknown god.
  1517 | D:2      | Noticed Jessica
  1526 | D:2      | Killed Jessica
  1876 | D:2      | Found Reruc's Armour Shop.
  2111 | D:2      | Reached skill level 7 in Long Blades
  2111 | D:2      | Reached XP level 5. HP: 35/42 MP: 4/4
  2409 | D:2      | Killed from afar by an orc priest

Illustrated notes

Levels and vault maps discovered:
D:1:      dpeg_arrival_caged_fury, layout_rooms
D:2:      minmay_kobold_bridge, layout_loops_corners,
          ebering_ecumenical_altar_webs, serial_shops, nicolae_lakefront_shop,
          minivault_23, kennysheep_generic_room_7, uniq_jessica
D:3:      layout_basic, st_stairs_6, grunt_ministairs_8,
          amcnicky_mini_corridor_feature, uniq_robin

Skill      XL: |  1  2  3  4 |
---------------+-------------+-----
Long Blades    | 4 5 7 |  7.2
Fighting       | |  2.4
Throwing       | |  2.0
Dodging        | |  3.2

Action                   |  1- 3 |  4- 6 || total
-------------------------+-------+-------++-------
Melee: Long sword        |    20 |       ||    20
       Headbutt          |    12 |    18 ||    30
       Dagger            |    35 |    81 ||   116
  Use: Scroll            |       |     4 ||     4
       Potion            |       |     1 ||     1
Armor: Leather armour    |    12 |    19 ||    31
Dodge: Dodged            |    34 |    39 ||    73
       Rpst.: Long sword |     4 |       ||     4
